 Dungeon Crawl Stone Soup version 0.18-a0-116-g2d311b1 (webtiles) character file.

676 ReteAZ the Grappler (level 7, -1/62 HPs)
             Began as a Troll Warper on Nov 17, 2015.
             Slain by a black bear (4 damage)
             ... on level 6 of the Dungeon.
             The game lasted 00:07:52 (4465 turns).

ReteAZ the Grappler (Troll Warper)                  Turns: 4465, Time: 00:07:52

Health: -1/62      AC:  6    Str: 20    XL:     7   Next: 33%
Magic:  5/7        EV: 10    Int:  9    God:
Gold:   247        SH:  0    Dex: 11    Spells: 2 memorised, 5 levels left

rFire  . . .     SeeInvis .       - Unarmed
rCold  . . .     Clarity  +     a - +0 robe
rNeg   . . .     SustAt   .     (no shield)
rPois  .         Gourm    +     (helmet restricted)
rElec  .         Spirit   .     v - +0 cloak
rCorr  .         Warding  .     (gloves unavailable)
rMut   .         Stasis   .     (boots unavailable)
MR     .....                    D - amulet of clarity
Stlth  +.........               (no ring)
                                (no ring)

@: very slightly contaminated, not resistant to hostile enchantments, very
unstealthy
A: unfitting armour, claws 3, fast metabolism 3, gourmand, regeneration 2,
shaggy fur 1, tough skin 2
a: no special abilities


You were on level 6 of the Dungeon.
You were very full.

You visited 2 branches of the dungeon, and saw 7 of its levels.

You collected 247 gold pieces.

Inventory:

Missiles
 d - 5 tomahawks of dispersal (quivered)
 y - a throwing net
 z - 5 tomahawks
Armour
 a - a +0 robe (worn)
 v - a +0 cloak (worn)
Jewellery
 o - an uncursed amulet of resist mutation
 D - an amulet of clarity (around neck)
Wands
 E - a wand of magic darts (32)
Scrolls
 c - 2 scrolls of blinking
 h - 4 scrolls of identify
 m - a scroll of random uselessness {unknown}
 n - 2 scrolls of remove curse
 p - 2 scrolls of magic mapping {unknown}
 q - 2 scrolls of fear {unknown}
 s - 3 scrolls of amnesia {unknown}
 A - a scroll of teleportation {unknown}
Potions
 e - 7 potions of curing {unknown}
 g - 3 potions of might {unknown}
 j - a potion of invisibility {unknown}
 k - a potion of resistance {unknown}
 t - a potion of ambrosia {unknown}
 u - 2 potions of cancellation {unknown}
 x - a potion of agility {unknown}
Books
 b - a book of Spatial Translocations

   Spells                             Type                      Level
   a - Apportation                    Translocation                1
   b - Blink                          Translocation                2
   c - Shroud of Golubria             Charms/Translocation         2
   d - Portal Projectile              Translocation                3
   e - Teleport Other                 Translocation                3
   f - Passage of Golubria            Translocation                4
 l - a book of Enchantments

   Spells                             Type                      Level
   a - Cause Fear                     Hexes                        4
   b - Silence                        Hexes/Air                    5
   c - Deflect Missiles               Charms/Air                   6
   d - Haste                          Charms                       6
   e - Discord                        Hexes                        8
 C - a book of Unlife

   Spells                             Type                      Level
   a - Recall                         Summoning/Translocation      3
   b - Animate Dead                   Necromancy                   4
   c - Control Undead                 Necromancy                   4
   d - Cigotuvi's Embrace             Necromancy                   5
   e - Death Channel                  Necromancy                   6
   f - Simulacrum                     Ice/Necromancy               6
Comestibles
 f - 2 fruits
 i - 2 slices of pizza
 r - 2 beef jerkies
 w - 5 bread rations {@e1}
 B - a royal jelly


   Skills:
 - Level 1.5 Fighting
 - Level 0.8 Throwing
 - Level 1.9 Dodging
 + Level 8.3 Unarmed Combat
 - Level 1.2 Spellcasting
 - Level 2.1 Translocations


You had 5 spell levels left.
You knew the following spells:

 Your Spells              Type           Power        Failure   Level  Hunger
a - Apportation           Tloc           #.........   14%         1    ##.....
b - Blink                 Tloc           N/A          21%         2    ###....


Dungeon Overview and Level Annotations

Branches:
Dungeon (6/15)             Temple (1/1) D:4

Altars:
Dithmenos
Elyvilon
Fedhas
Kikubaaqudgha
Makhleb
Nemelex Xobeh
Qazlal
Ru
Sif Muna
Trog
Vehumet
Yredelemnul
The Shining One

Shops:
D:5 ((=


Innate Abilities, Weirdness & Mutations

You are too large for most types of armour.
You have claws for hands.
Your metabolism is lightning-fast.
You like to eat raw meat.
You heal very quickly.
You are covered in fur (AC +1).
You have very tough skin (AC +2).


Message History

The black bear claws you but does no damage. x2
The black bear bites you! The black bear claws you. The black bear claws you.
The black bear misses you. The black bear claws you. The black bear claws you.
Cast which spell? (? or * to list)
You miscast Blink.
You are very lightly contaminated with residual magic.
Nothing appears to happen.
The black bear closely misses you. The black bear claws you.
* * * LOW HITPOINT WARNING * * *
The black bear claws you.
* * * LOW HITPOINT WARNING * * *
The black bear bites you.
* * * LOW HITPOINT WARNING * * *
The black bear claws you.
* * * LOW HITPOINT WARNING * * *
The black bear claws you but does no damage.
The black bear bites you.
* * * LOW HITPOINT WARNING * * *
The black bear claws you.
You die...

#.##### #.# ..#...# #..
#.### #.#.#.# #.# ##....#
#.#.#.# #.# ......# #
#.#.#.# #.# .P)...#
#.#.#.#.#####.######.P_...#
...<.................P.P..#
#.###########....h........#
# ...).....(....@h....#
##################[.# ..#
..# ..# ..# ... #.#


You could see 2 black bears.

Vanquished Creatures
  The ghost of Vergil the Skirmisher, an amateur DsAK of Lugonu (D:4)
  A phantom (D:4)
  An ogre (D:4)
  A crimson imp (D:4)
  A centaur skeleton (D:5)
  2 worker ants
  A worker ant zombie (D:5)
  9 adders
  11 gnolls
  A worm (D:3)
  2 giant geckos
  7 orcs (D:3)
  7 bats
  3 giant cockroaches
  5 hobgoblins
  7 jackals
  2 quokkas
  2 giant gecko skeletons (D:4)
  2 giant newts
  8 goblins
  A jackal skeleton (D:5)
  7 kobolds
  6 rats
88 creatures vanquished.

Notes
Turn   | Place    | Note
--------------------------------------------------------------
     0 | D:1      | ReteAZ the Troll Warper began the quest for the Orb.
     0 | D:1      | Reached XP level 1. HP: 19/19 MP: 1/1
   295 | D:1      | Reached XP level 2. HP: 27/27 MP: 2/2
   377 | D:1      | Reached skill level 3 in Unarmed Combat
   417 | D:1      | You fall through a shaft!
   759 | D:2      | Reached XP level 3. HP: 33/33 MP: 3/3
   777 | D:2      | Reached skill level 4 in Unarmed Combat
   845 | D:2      | Reached XP level 4. HP: 38/41 MP: 4/4
  1467 | D:3      | Reached skill level 5 in Unarmed Combat
  2032 | D:4      | Noticed Vergil's ghost (amateur DsAK)
  2046 | D:4      | Killed Vergil's ghost
  2046 | D:4      | Reached skill level 6 in Unarmed Combat
  2046 | D:4      | Reached XP level 5. HP: 36/48 MP: 5/5
  2152 | D:4      | Noticed a phantom
  2181 | D:4      | Killed a phantom
  2181 | D:4      | Reached XP level 6. HP: 45/55 MP: 6/6
  2299 | D:4      | Found a staircase to the Ecumenical Temple.
  2308 | Temple   | Entered the Ecumenical Temple
  2617 | D:4      | Reached skill level 7 in Unarmed Combat
  2952 | D:3      | Found a blossoming altar of Fedhas.
  2954 | D:3      | Found a stormy altar of Qazlal.
  2956 | D:3      | Found a shadowy altar of Dithmenos.
  3108 | D:3      | Reached XP level 7. HP: 58/62 MP: 7/7
  3401 | D:3      | Reached skill level 8 in Unarmed Combat
  3409 | D:3      | Learned a level 2 spell: Blink
  3528 | D:5      | Entered Level 5 of the Dungeon
  3706 | D:5      | Found Tepys's Antique Weapon Emporium.
  3759 | D:5      | Found a white marble altar of Elyvilon.
  3823 | D:5      | Found Hireyd Jeutz's Jewellery Boutique.
  4002 | D:5      | Found Vozxeru's Weapon Shoppe.
  4454 | D:6      | Found a bloodstained altar of Trog.
  4465 | D:6      | HP: 3/62 [black bear (6)]
  4465 | D:6      | Slain by a black bear

Vault maps used:
D:1:      onia_arrival_mini_maze_b
D:2:      minmay_misc_feat_five
D:3:      grunt_temple_overflow_open
D:4:      minmay_temple_entry_poolview, first_bread, hangedman_glass_teeth,
          hangedman_decor_push
D:5:      elyvilon_altar_5, serial_shops, nicolae_shop_window_shopping, shop,
          nicolae_shop_temple_entry_statues_fountains
D:6:      cheibriados_altar_1, trog_ov_bears_minmay
Temple:   hc_temple_tempest_star

Action                   |  1- 3 |  4- 6 |  7- 9 || total
-------------------------+-------+-------+-------++-------
Melee: Unarmed           |    69 |   143 |    65 ||   277
  Use: Scroll            |       |     3 |     1 ||     4
 Stab: Sleeping          |     1 |       |       ||     1
  Eat: Chunk             |     9 |    18 |    13 ||    40
       Bread ration      |     1 |       |       ||     1
